 Dungeon Crawl Stone Soup version 0.24.0-1-gfbc8707122 (webtiles) character file.

Game seed: 7934667471502373861, levelgen mode: deterministic

2979 ChadusMaximus the Cleaver (level 9, -5/79 HPs)
             Began as a Minotaur Berserker on Oct 27, 2019.
             Was an Elder of Trog.
             Slain by a four-headed hydra (11 damage)
             ... on level 8 of the Dungeon.
             The game lasted 00:08:20 (5429 turns).

ChadusMaximus the Cleaver (Minotaur Berserker)      Turns: 5429, Time: 00:08:20

Health: -5/79      AC: 15    Str: 29    XL:     9   Next: 53%
Magic:  8/8        EV: 14    Int:  4    God:    Trog [****..]
Gold:   130        SH:  9    Dex: 10    Spells: 8/8 levels left

rFire    . . .     SeeInvis .   z - +2 broad axe (elec)
rCold    . . .     Gourm    .   I - +0 shield
rNeg     . . .     Faith    .   u - +0 chain mail
rPois    .         Spirit   .   (helmet restricted)
rElec    .         Reflect  .   G - +2 cloak
rCorr    .         Harm     .   (no gloves)
MR       ++...                  y - +0 pair of boots
Stlth    ..........             (no amulet)
HPRegen  1.23/turn              o - +4 ring of strength
MPRegen  0.11/turn              E - +6 ring of evasion

@: about to teleport, berserk cooldown, regenerating, slowed, very slow
A: retaliatory headbutt, horns 2
a: Berserk, Trog's Hand, Brothers in Arms, Renounce Religion


You were on level 8 of the Dungeon.
You worshipped Trog.
Trog was greatly pleased with you.
You were near starving.

You visited 1 branch of the dungeon, and saw 8 of its levels.

You collected 437 gold pieces.
You spent 307 gold pieces at shops.

Inventory:

Hand Weapons
 a - a +0 hand axe
 z - a +2 broad axe of electrocution (weapon)
Armour
 b - a +0 animal skin
 f - a +0 cloak
 u - a +0 chain mail (worn)
 y - a +0 pair of boots (worn)
 G - a +2 cloak (worn)
 I - a +0 shield (worn)
Jewellery
 o - a +4 ring of strength (left hand)
 r - an uncursed ring of resist corrosion
 C - a +2 ring of intelligence
 E - a +6 ring of evasion (right hand)
Wands
 h - a wand of random effects (11)
 q - a wand of acid (6)
 t - a wand of digging (4)
Scrolls
 d - 9 scrolls of teleportation
 e - 2 scrolls of remove curse
 i - 4 scrolls of magic mapping
 j - 2 scrolls of immolation
 p - a scroll of blinking
 s - 2 scrolls of fog
 v - 2 scrolls of fear
 A - 2 scrolls of enchant armour
 B - 2 scrolls of random uselessness
 D - a scroll of enchant weapon
 H - 4 scrolls of identify
 L - a scroll of acquirement {unknown}
Potions
 g - 4 potions of curing
 k - 2 potions of heal wounds {unknown}
 l - 3 potions of lignification
 m - 2 potions of flight
 n - a potion of ambrosia {unknown}
 w - a potion of mutation {unknown}
 x - a potion of degeneration {unknown}
 F - a potion of resistance {unknown}
 J - a potion of might {unknown}
 K - a potion of berserk rage {unknown}
Comestibles
 c - 9 rations


   Skills:
 + Level 7.5 Fighting
 + Level 11.4 Axes
 + Level 8.0 Armour
 + Level 4.6 Dodging
 + Level 1.2 Stealth
 + Level 2.0 Shields


You had 8 spell levels left.
You didn't know any spells.
Your spell library was empty.

Dungeon Overview and Level Annotations

Branches:
Dungeon (8/15)             Temple (0/1) D:5
   Lair: D:8-11

Altars:
Gozag
Hepliaklqana
Nemelex Xobeh
Okawaru
Sif Muna
Vehumet
Wu Jian
Yredelemnul
Jiyva

Shops:
D:4 (   D:5 *   D:7 ([[%[


Innate Abilities, Weirdness & Mutations

You reflexively headbutt those who attack you in melee.
You have a pair of horns on your head.


Message History

The four-headed hydra bites you!
The four-headed hydra closely misses you.
The four-headed hydra bites you but does no damage.
The four-headed hydra bites you!
The four-headed hydra bites you but does no damage.
The four-headed hydra bites you.
* * * LOW HITPOINT WARNING * * *
As you read the scroll of teleportation, it crumbles to dust.
You feel strangely unstable. The four-headed hydra bites you!
* * * LOW HITPOINT WARNING * * *
The four-headed hydra bites you.
* * * LOW HITPOINT WARNING * * *
The four-headed hydra bites you.
* * * LOW HITPOINT WARNING * * *
You block the four-headed hydra's attack.
Your skin crawls.
You feel resistant to hostile enchantments.
You are near starving!
The four-headed hydra bites you!
You die...

.########.####.#####
..### ###.≈.≈)≈PP#
....## #.%....≈P#
.....## #..†)%P≈≈#
......## #..%..≈≈P#
.......## #.....P≈.#
........# ##'''###+#
......... #.....#D)#
........# #%%..%@%.#
.......## ##########
......## ####### ##
.##


You could see a four-headed hydra.

Vanquished Creatures
  Psyche (D:8)
  2 dream sheep (D:8)
  2 yaks (D:8)
  A steam dragon (D:8)
  An ice beast (D:6)
  2 black bears
  A sky beast (D:7)
  An eye of draining (D:6)
  2 ogres
  A crocodile (D:8)
  A centaur (D:4)
  3 big kobolds (D:8)
  A bullfrog (D:5)
  5 killer bees (D:8)
  A centaur zombie (D:6)
  2 crimson imps (D:8)
  4 jellies (D:8)
  An orc wizard (D:3)
  A hound (D:6)
  An orc priest (D:6)
  3 iguanas
  Terence (D:2)
  3 worker ants
  A hound skeleton (D:4)
  9 adders
  A howler monkey skeleton (D:7)
  2 oozes
  3 worms
  4 dart slugs
  3 leopard geckos
  11 orcs
  7 giant cockroaches
  6 goblins
  9 hobgoblins
  13 kobolds
  2 quokkas
  2 ball pythons
  9 bats
  10 frilled lizards
  A leopard gecko skeleton (D:6)
  8 rats
  2 plants
144 creatures vanquished.

Vanquished Creatures (others)
  A killer bee (D:8)
1 creature vanquished.

Grand Total: 145 creatures vanquished

Notes
Turn   | Place    | Note
-------+----------+-------------------------------------------
     0 | D:1      | ChadusMaximus the Minotaur Berserker began the quest for
                  | the Orb.
     0 | D:1      | Reached XP level 1. HP: 19/19 MP: 0/0
   165 | D:1      | Reached skill level 4 in Axes
   177 | D:1      | Reached XP level 2. HP: 16/27 MP: 1/1
   730 | D:1      | Reached XP level 3. HP: 33/33 MP: 2/2
  1011 | D:2      | Reached ** piety under Trog
  1019 | D:2      | Noticed Terence
  1028 | D:2      | Killed Terence
  1028 | D:2      | Reached XP level 4. HP: 41/41 MP: 3/3
  1178 | D:2      | Reached skill level 5 in Axes
  1423 | D:3      | Reached XP level 5. HP: 44/47 MP: 4/4
  1568 | D:3      | Reached *** piety under Trog
  2022 | D:3      | Reached skill level 5 in Fighting
  2261 | D:4      | Found Wafetsev's Antique Weapon Boutique.
  2267 | D:4      | Bought a runed broad axe for 168 gold pieces
  2347 | D:4      | Noticed a centaur
  2353 | D:4      | Killed a centaur
  2353 | D:4      | Reached skill level 6 in Axes
  2353 | D:4      | Reached XP level 6. HP: 49/56 MP: 5/5
  2524 | D:4      | Found an iron altar of Okawaru.
  2525 | D:4      | Found a radiant altar of Vehumet.
  2528 | D:4      | Found a hazy altar of Hepliaklqana.
  2530 | D:4      | Found a basalt altar of Yredelemnul.
  2531 | D:4      | Found an opulent altar of Gozag.
  2640 | D:4      | Found an ornate altar of the Wu Jian Council.
  2640 | D:4      | Found a shimmering blue altar of Sif Muna.
  2641 | D:4      | Found a sparkling altar of Nemelex Xobeh.
  3016 | D:5      | Entered Level 5 of the Dungeon
  3089 | D:5      | Reached skill level 7 in Axes
  3428 | D:5      | Found a staircase to the Ecumenical Temple.
  3540 | D:5      | Found Poiq's Lightly-Used Armoury.
  3807 | D:6      | Reached skill level 1 in Stealth
  3807 | D:6      | Reached XP level 7. HP: 61/61 MP: 3/6
  3874 | D:6      | Reached **** piety under Trog
  3877 | D:6      | Reached skill level 8 in Axes
  4111 | D:6      | Reached XP level 8. HP: 70/70 MP: 7/7
  4133 | D:6      | Reached skill level 5 in Armour
  4288 | D:7      | Found Ficiaben's Antique Armour Emporium.
  4301 | D:7      | Found Pikou's Food Shoppe.
  4464 | D:7      | Found Masoas's Antique Weapon Shop.
  4617 | D:7      | Found Nini's Antique Armour Shoppe.
  4628 | D:7      | Found Ruymebo Xogi's Antique Armour Shoppe.
  4807 | D:7      | Bought a shield for 139 gold pieces
  4828 | D:8      | Reached skill level 9 in Axes
  5087 | D:8      | Found a viscous altar of Jiyva.
  5092 | D:8      | Reached skill level 10 in Axes
  5101 | D:8      | Reached skill level 1 in Shields
  5352 | D:8      | Noticed Psyche
  5360 | D:8      | Killed Psyche
  5360 | D:8      | Reached XP level 9. HP: 66/79 MP: 8/8
  5417 | D:8      | Reached skill level 11 in Axes
  5424 | D:8      | Noticed a three-headed hydra
  5429 | D:8      | Slain by a four-headed hydra

Levels and vault maps discovered:
D:1:      mrwooster_arrival_arrow, layout_basic, serial_bayou,
          serial_bayou_pond_a, serial_bayou_pond_c, serial_bayou_pond_b,
          serial_bayou_pond_e, serial_bayou_ford_a, serial_bayou_shore_a
D:2:      layout_rooms, chequers_serial_rivers_micro_b,
          minmay_worlds_worst_comb, uniq_terence
D:3:      layout_basic
D:4:      layout_basic, grunt_temple_overflow_open, serial_shops, shop
D:5:      kennysheep_big_flooded_room, layout_basic, minmay_temple_entry_trees,
          first_ration, minmay_shop_damaged
D:6:      layout_cave_pools
D:7:      layout_loops_cross, serial_shops, shop, nicolae_shop_statue_plus,
          shop, shop_fountains, nicolae_shop_behind_doors
D:8:      layout_cave_pods, hangedman_ranch [blue_anna_fruit_fields],
          jiyva_altar_1, uniq_psyche

Skill      XL: |  1  2  3  4  5  6  7  8  9 |
---------------+----------------------------+-----
Axes           | 4 5 6 7 8 10 11 | 11.4
Fighting       | 4 5 6 7 |  7.5
Dodging        | 3 4 |  4.6
Armour         | 3 4 7 8 |  8.0
Stealth        | 1 |  1.2
Shields        | 1 2 |  2.0

Action                   |  1- 3 |  4- 6 |  7- 9 || total
-------------------------+-------+-------+-------++-------
Melee: Hand axe          |    82 |   110 |       ||   192
       Headbutt          |    12 |    22 |    16 ||    50
       Broad axe         |       |    24 |    88 ||   112
Invok: Berserk           |     2 |     1 |     3 ||     6
       Trog's Hand       |       |       |     2 ||     2
  Use: Scroll            |       |       |    14 ||    14
 Stab: Sleeping          |     2 |       |       ||     2
  Eat: Chunk             |     1 |    10 |     4 ||    15
       Ration            |       |       |     1 ||     1
Armor: Animal skin       |    16 |       |       ||    16
       Chain mail        |       |    73 |    57 ||   130
Dodge: Dodged            |    41 |    54 |    80 ||   175
Block: Shield            |       |       |    27 ||    27
